 Dungeon Crawl Stone Soup version 0.20.1-1-g8b1a95d (webtiles) character file.

875 vineage the Chopper (level 7, -1/55 HPs)
             Began as a Demonspawn Berserker on Aug 13, 2017.
             Was a Priest of Trog.
             Killed by nerve-wracking pain
             ... invoked by Menkaure
              (10 damage)
             ... on level 5 of the Dungeon.
             The game lasted 00:09:15 (4932 turns).

vineage the Chopper (Demonspawn Berserker)          Turns: 4932, Time: 00:09:16

Health: -1/55      AC: 10    Str: 19    XL:     7   Next: 74%
Magic:  7/7        EV:  4    Int:  8    God:    Trog [***...]
Gold:   170        SH: 13    Dex: 13    Spells: 6/6 levels left

rFire    . . .     SeeInvis .   y - +7 club
rCold    . . .     Gourm    .   m - +0 large shield
rNeg     . . .     Faith    +   k - +0 chain mail
rPois    .         Spirit   .   (helmet restricted)
rElec    .         Reflect  .   (no cloak)
rCorr    .         Harm     .   i - +0 pair of gloves
MR       ++...                  (no boots)
Stlth    ..........             g - amulet of faith
Regen    1.2/turn               (no ring)
MPRegen  0.1/turn               (no ring)

@: regenerating, hasted, very quick
A: antennae 1, claws 1, talons 2, nightstalker 1
a: Berserk, Trog's Hand, Burn Spellbooks, Renounce Religion


You were on level 5 of the Dungeon.
You worshipped Trog.
Trog was most pleased with you.
You were not hungry.

You visited 1 branch of the dungeon, and saw 5 of its levels.

You collected 170 gold pieces.

Inventory:

Hand Weapons
 a - a +0 hand axe
 y - a +7 club (weapon)
Missiles
 A - 4 silver javelins (quivered)
Armour
 b - a +0 animal skin
 i - a +0 pair of gloves (worn)
 k - a +0 chain mail (worn)
 m - a +0 large shield (worn)
Jewellery
 g - an amulet of faith (around neck)
 o - a cursed -3 ring of evasion {unknown}
Wands
 q - a wand of lightning (4/15)
 w - a wand of disintegration (1/24)
Scrolls
 d - 2 scrolls of fear {unknown}
 f - 2 scrolls of teleportation
 h - 3 scrolls of identify
 j - a scroll of enchant armour {unknown}
 l - a scroll of recharging {unknown}
 r - a scroll of immolation {unknown}
 x - a scroll of amnesia {unknown}
 z - a scroll of random uselessness {unknown}
Potions
 e - a potion of curing
 p - a potion of agility
 s - a potion of haste
 u - a potion of heal wounds {unknown}
 v - a potion of lignification {unknown}
Comestibles
 c - 4 bread rations
 n - a royal jelly
 t - a meat ration


   Skills:
 + Level 4.5 Fighting
 + Level 5.7 Axes
 + Level 0.3(3.5) Maces & Flails
 + Level 3.8 Armour
 + Level 3.0 Dodging
 + Level 1.4 Stealth
 + Level 2.4 Shields


You had 6 spell levels left.
You didn't know any spells.

Dungeon Overview and Level Annotations

Branches:
Dungeon (5/15)
 Temple: D:4-7

Altars:
Ashenzari
Fedhas
Qazlal

Annotations:
D:5 Menkaure


Innate Abilities, Weirdness & Mutations

You have a pair of small antennae on your head.
You have sharp fingernails.
You have razor-sharp toenails.
You are slightly more attuned to the shadows.


Message History

* * * LOW HITPOINT WARNING * * *
It was a potion of haste.
You feel yourself speed up. Menkaure hits you but does no damage.
Menkaure hits you!
* * * LOW HITPOINT WARNING * * *
Menkaure calls on the powers of darkness!
You feel a surge of unholy energy.
Your skin crawls.
You feel resistant to hostile enchantments.
You feel quite a bit more hungry.
Menkaure calls on the powers of darkness!
Your body is wracked with pain!
* * * LOW HITPOINT WARNING * * *
Menkaure calls on the powers of darkness!
Your body is wracked with pain!
* * * LOW HITPOINT WARNING * * *
Menkaure whispers drily.
Menkaure giggles, "These cerements are ticklish..."
Menkaure casts a spell at you. Pain shoots through your body!
You die...

#..........)#.##..## ##...#
#.###.#...........# #)#.## #.#
#.#....[......## ##.#...
#.###.#........###.###..#.##
######.....##........###.).#.#.#
#.......#####....###.###)###.#.#
#................# #.......).#.#
#........#.##M...###....(......#
#...............@....######..####
#.........#########.## #..>##.
..........# #.# #.###..
#.........# #<# #.##...
####.##.### #.# #.##...
#....##.###########.# #.##...
#.#####.............# #.###.. $?#
############..#######..###. .(.#
#.............##


You could see Menkaure.

Vanquished Creatures
  2 ogres (D:5)
  A bullfrog (D:4)
  2 scorpions
  A howler monkey (D:4)
  2 crimson imps (D:5)
  2 orc priests (D:5)
  A bullfrog skeleton (D:5)
  Ijyb (D:5)
  2 orc wizards (D:5)
  5 worker ants
  A hound skeleton (D:3)
  3 adders
  An ooze (D:1)
  An adder zombie (D:3)
  An adder skeleton (D:3)
  4 worms
  3 dart slugs
  2 leopard geckos
  8 orcs (D:5)
  A ball python (D:2)
  12 bats
  6 giant cockroaches
  11 goblins
  11 hobgoblins
  4 jackals
  2 quokkas
  5 frilled lizards
  A giant cockroach zombie (D:3)
  A jackal skeleton (D:4)
  7 kobolds
  9 rats
113 creatures vanquished.

Notes
Turn   | Place    | Note
-------+----------+-------------------------------------------
     0 | D:1      | vineage the Demonspawn Berserker began the quest for the Orb.
     0 | D:1      | Reached XP level 1. HP: 18/18 MP: 1/1
   253 | D:1      | Gained mutation: You have sharp toenails. [demonic ancestry]
   253 | D:1      | Reached XP level 2. HP: 12/24 MP: 2/2
   479 | D:1      | Reached skill level 3 in Axes
   679 | D:1      | Gained mutation: You are slightly more attuned to the shadows. [demonic ancestry]
   679 | D:1      | Reached XP level 3. HP: 15/29 MP: 3/3
  1149 | D:2      | Reached ** piety under Trog
  1176 | D:2      | Found a faded altar of an unknown god.
  1639 | D:2      | Gained mutation: You have razor-sharp toenails. [demonic ancestry]
  1639 | D:2      | Reached XP level 4. HP: 19/35 MP: 4/4
  2378 | D:3      | Reached skill level 4 in Axes
  2384 | D:3      | Reached *** piety under Trog
  2539 | D:3      | Reached XP level 5. HP: 33/41 MP: 5/5
  2862 | D:4      | Reached skill level 1 in Stealth
  3197 | D:4      | Gained mutation: You have sharp fingernails. [demonic ancestry]
  3197 | D:4      | Reached XP level 6. HP: 37/48 MP: 6/6
  3212 | D:4      | Found a stormy altar of Qazlal.
  3437 | D:4      | Reached skill level 1 in Shields
  3614 | D:5      | Entered Level 5 of the Dungeon
  3767 | D:5      | Reached skill level 5 in Axes
  4039 | D:5      | Gained mutation: You have a pair of small antennae on your head. [demonic ancestry]
  4039 | D:5      | Reached XP level 7. HP: 51/54 MP: 7/7
  4290 | D:5      | Noticed Ijyb
  4305 | D:5      | Killed Ijyb
  4526 | D:5      | Found a shattered altar of Ashenzari.
  4658 | D:5      | Found a blossoming altar of Fedhas.
  4725 | D:5      | Received a gift from Trog
  4897 | D:5      | Noticed Menkaure
  4905 | D:5      | HP: 2/55 [Menkaure (12)]
  4932 | D:5      | Killed from afar by Menkaure

Skill      XL: |  1  2  3  4  5  6  7 |
---------------+----------------------+-----
Dodging        | 2 3 |  3.0
Axes           | 3 4 5 |  5.7
Armour         | 2 3 |  3.8
Stealth        | 1 |  1.4
Fighting       | 4 |  4.5
Shields        | 1 2 |  2.4
Maces & Flails | |  0.3

Action                   |  1- 3 |  4- 6 |  7- 9 || total
-------------------------+-------+-------+-------++-------
Melee: Hand axe          |   127 |   228 |    35 ||   390
       Kick              |    22 |    65 |    17 ||   104
       Club              |       |       |    39 ||    39
Throw: Javelin           |       |       |     4 ||     4
Invok: Berserk           |       |       |     1 ||     1
       Trog's Hand       |       |       |     1 ||     1
  Use: Potion            |     1 |     1 |     4 ||     6
       Scroll            |     4 |     1 |       ||     5
 Stab: Sleeping          |     7 |     1 |       ||     8
  Eat: Chunk             |     2 |       |       ||     2
       Bread ration      |       |     1 |     1 ||     2
       Royal jelly       |       |     2 |       ||     2
Armor: Animal skin       |    24 |     8 |       ||    32
       Chain mail        |       |   118 |    25 ||   143
Dodge: Dodged            |   100 |    51 |     6 ||   157
Block: Large shield      |       |    96 |    44 ||   140
